[ AOE2 MATCH · #507372457 ]
UnrankedMaya vs Tatars
Player's team · LOSS
Rival team · WIN
[ REPLAY ANALYSIS · EXTRACTED FROM THE RECORDED GAME ]
Feudal
9:43
Castle
24:29
Imperial
36:53
| APM avg | 53.1 |
| APM peak | 116 |
| eAPM avg | 24.4 |
| Villagers / military | 72 / 59 |
Focus
⚔️ 51.2% · 🌾 48.8%
Archer ×54 · Trebuchet (Packed) ×4 · Mangonel ×1
Feudal
8:54
Castle
23:11
Imperial
36:56
| APM avg | 56.7 |
| APM peak | 138 |
| eAPM avg | 20.4 |
| Villagers / military | 108 / 55 |
Focus
⚔️ 28.4% · 🌾 71.6%
Archer ×38 · Trebuchet (Packed) ×5 · Militia ×4 · Skirmisher ×4 · Mangonel ×3 · Battering Ram ×1
Match map
Initial resources + every placement click. Lines = walls · curves = elevation contours. ◆ gold · ⬟ stone · ● berries · ✦ relic · ◌ wall gap
Your base· Open — opponent sealed themselves in
OS+ | TeoX's base· ✓ Closed at 23:11 · 63t walls · 1 gate(s)
Smoothed initial terrain · ◌ = detected wall gap · hover for details
Inputs per minute
— dylanrobinson54 - - OS+ | TeoX
Build order — dylanrobinson54
First 150 of 233 actions detected
| 0:01 | Research | Loom |
| 0:03 | Build | House |
| 0:07 | Build | House |
| 0:12 | Create | Villager (Male) |
| 0:12 | Create | Villager (Male) |
| 0:27 | Create | Villager (Male) |
| 1:29 | Create | Villager (Male) |
| 2:03 | Create | Villager (Male) |
| 2:27 | Create | Villager (Male) |
| 2:48 | Create | Villager (Male) |
| 2:55 | Create | Villager (Male) |
| 2:56 | Build | Lumber Camp |
| 3:42 | Create | Villager (Male) |
| 3:52 | Build | House |
| 3:56 | Create | Villager (Male) |
| 4:00 | Create | Villager (Male) |
| 4:13 | Create | Villager (Male) |
| 4:21 | Build | Palisade Wall |
| 4:38 | Build | Palisade Wall |
| 5:07 | Build | Palisade Wall |
| 5:14 | Create | Villager (Male) |
| 5:29 | Create | Villager (Male) |
| 5:39 | Build | House |
| 5:54 | Create | Villager (Male) |
| 6:18 | Create | Villager (Male) |
| 7:00 | Build | Mining Camp |
| 7:07 | Build | Palisade Wall |
| 7:08 | Create | Villager (Male) |
| 7:27 | Research | Feudal Age |
| 8:07 | Build | Palisade Wall |
| 8:23 | Build | Lumber Camp |
| 8:39 | Build | Palisade Wall |
| 9:04 | Build | Palisade Wall |
| 9:13 | Build | Barracks |
| 9:31 | Create | Villager (Male) |
| 9:43 | Age | Feudal Age |
| 9:46 | Build | Watch Tower |
| 9:55 | Research | Double-Bit Axe |
| 10:12 | Build | Stone Wall |
| 10:16 | Create | Villager (Male) |
| 10:24 | Build | Archery Range |
| 10:49 | Create | Villager (Male) |
| 10:53 | Create | Villager (Male) |
| 11:07 | Build | House |
| 11:14 | Research | Town Watch |
| 11:18 | Build | Blacksmith |
| 11:37 | Create | Villager (Male) |
| 11:51 | Create | Archer |
| 12:00 | Build | House |
| 12:13 | Create | Villager (Male) |
| 12:14 | Build | House |
| 12:19 | Research | Fletching |
| 12:44 | Create | Villager (Male) |
| 12:50 | Build | House |
| 13:18 | Create | Villager (Male) |
| 13:19 | Build | House |
| 13:20 | Create | Archer |
| 13:20 | Create | Archer |
| 13:27 | Build | Mill |
| 13:47 | Build | Archery Range |
| 13:50 | Build | Farm |
| 13:50 | Build | Farm |
| 13:51 | Build | Farm |
| 13:53 | Create | Villager (Male) |
| 14:05 | Build | Farm |
| 14:20 | Build | Archery Range |
| 14:28 | Create | Villager (Male) |
| 14:37 | Create | Archer |
| 14:37 | Create | Archer |
| 14:47 | Build | Farm |
| 14:48 | Create | Villager (Male) |
| 14:56 | Build | Farm |
| 15:15 | Build | Farm |
| 15:16 | Build | Farm |
| 15:17 | Create | Villager (Male) |
| 15:24 | Create | Archer |
| 15:24 | Create | Archer |
| 15:35 | Create | Villager (Male) |
| 15:37 | Build | Farm |
| 15:43 | Create | Archer |
| 15:59 | Build | Mining Camp |
| 16:06 | Create | Villager (Male) |
| 16:07 | Create | Archer |
| 16:18 | Build | House |
| 16:20 | Create | Villager (Male) |
| 16:34 | Create | Villager (Male) |
| 16:35 | Build | Mining Camp |
| 16:39 | Build | House |
| 16:40 | Build | House |
| 16:41 | Build | House |
| 16:55 | Create | Villager (Male) |
| 17:08 | Build | Farm |
| 17:14 | Build | Farm |
| 17:15 | Create | Villager (Male) |
| 17:26 | Create | Villager (Male) |
| 17:47 | Create | Villager (Male) |
| 17:51 | Build | Market |
| 17:56 | Build | House |
| 18:07 | Create | Archer |
| 18:08 | Create | Archer |
| 18:12 | Create | Villager (Male) |
| 18:15 | Build | Farm |
| 18:17 | Create | Archer |
| 18:19 | Create | Villager (Male) |
| 18:27 | Create | Villager (Male) |
| 18:36 | Create | Villager (Male) |
| 18:50 | Build | Farm |
| 18:52 | Build | Farm |
| 18:53 | Create | Villager (Male) |
| 19:18 | Create | Archer |
| 19:37 | Create | Archer |
| 19:38 | Create | Archer |
| 19:38 | Create | Villager (Male) |
| 19:53 | Research | Gold Mining |
| 19:55 | Build | Farm |
| 19:57 | Build | Farm |
| 20:05 | Create | Villager (Male) |
| 20:13 | Create | Villager (Male) |
| 20:20 | Build | Mill |
| 20:26 | Create | Villager (Male) |
| 20:31 | Create | Villager (Male) |
| 21:10 | Create | Archer |
| 21:11 | Create | Archer |
| 21:15 | Create | Archer |
| 21:16 | Create | Archer |
| 21:16 | Create | Archer |
| 21:16 | Create | Archer |
| 21:30 | Build | Farm |
| 21:49 | Research | Castle Age |
| 22:22 | Build | Watch Tower |
| 22:30 | Create | Archer |
| 22:47 | Research | Padded Archer Armor |
| 22:49 | Research | Horse Collar |
| 22:51 | Create | Archer |
| 22:57 | Build | Archery Range |
| 23:03 | Build | Lumber Camp |
| 23:44 | Create | Archer |
| 23:44 | Create | Archer |
| 23:56 | Create | Villager (Male) |
| 24:08 | Build | House |
| 24:13 | Build | Watch Tower |
| 24:23 | Create | Archer |
| 24:23 | Create | Archer |
| 24:29 | Age | Castle Age |
| 24:31 | Build | University |
| 24:34 | Research | Bodkin Arrow |
| 24:43 | Create | Villager (Male) |
| 25:14 | Research | Guard Tower (upgrade) |
| 25:18 | Create | Villager (Male) |
| 25:25 | Create | Archer |
Build order — OS+ | TeoX
First 150 of 303 actions detected
| 0:00 | Create | Villager (Male) |
| 0:01 | Create | Villager (Male) |
| 0:02 | Build | House |
| 0:03 | Build | House |
| 0:13 | Create | Villager (Male) |
| 0:13 | Create | Villager (Male) |
| 1:26 | Create | Villager (Male) |
| 1:26 | Create | Villager (Male) |
| 1:50 | Create | Villager (Male) |
| 1:51 | Create | Villager (Male) |
| 2:21 | Build | Lumber Camp |
| 2:24 | Create | Villager (Male) |
| 2:24 | Create | Villager (Male) |
| 2:53 | Create | Villager (Male) |
| 3:07 | Create | Villager (Male) |
| 3:07 | Create | Villager (Male) |
| 3:44 | Create | Villager (Male) |
| 3:44 | Create | Villager (Male) |
| 3:49 | Build | House |
| 4:10 | Create | Villager (Male) |
| 4:10 | Create | Villager (Male) |
| 4:58 | Create | Villager (Male) |
| 4:58 | Create | Villager (Male) |
| 5:15 | Build | Barracks |
| 5:25 | Create | Villager (Male) |
| 6:12 | Research | Loom |
| 6:13 | Research | Loom |
| 6:20 | Build | House |
| 6:44 | Research | Feudal Age |
| 6:57 | Build | Mining Camp |
| 7:01 | Create | Militia |
| 7:24 | Create | Militia |
| 7:24 | Create | Militia |
| 7:57 | Create | Militia |
| 8:42 | Create | Villager (Male) |
| 8:45 | Build | House |
| 8:54 | Age | Feudal Age |
| 9:07 | Build | Watch Tower |
| 9:16 | Build | Watch Tower |
| 9:19 | Research | Man-at-Arms (upgrade) |
| 9:19 | Create | Villager (Male) |
| 9:26 | Build | Archery Range |
| 9:42 | Create | Villager (Male) |
| 10:09 | Create | Villager (Male) |
| 10:17 | Build | Watch Tower |
| 10:19 | Create | Villager (Male) |
| 10:25 | Build | Mill |
| 10:32 | Create | Archer |
| 10:35 | Build | House |
| 10:46 | Create | Villager (Male) |
| 11:04 | Build | Farm |
| 11:06 | Create | Archer |
| 11:18 | Build | Farm |
| 11:20 | Create | Archer |
| 11:28 | Create | Villager (Male) |
| 11:31 | Build | Farm |
| 11:52 | Create | Villager (Male) |
| 11:56 | Build | House |
| 11:59 | Build | Palisade Wall |
| 12:08 | Create | Villager (Male) |
| 12:16 | Create | Archer |
| 12:25 | Create | Villager (Male) |
| 12:40 | Create | Villager (Male) |
| 12:44 | Create | Archer |
| 12:53 | Create | Villager (Male) |
| 13:05 | Create | Skirmisher |
| 13:19 | Create | Villager (Male) |
| 13:30 | Build | Blacksmith |
| 13:36 | Build | House |
| 13:38 | Create | Archer |
| 13:53 | Build | House |
| 13:56 | Create | Villager (Male) |
| 13:57 | Create | Archer |
| 14:00 | Build | Palisade Wall |
| 14:15 | Research | Fletching |
| 14:18 | Build | Farm |
| 14:19 | Build | Farm |
| 14:31 | Create | Villager (Male) |
| 14:31 | Create | Villager (Male) |
| 14:40 | Build | Mining Camp |
| 14:50 | Create | Villager (Male) |
| 14:55 | Create | Archer |
| 15:24 | Create | Villager (Male) |
| 15:35 | Create | Villager (Male) |
| 15:40 | Build | House |
| 15:47 | Create | Villager (Male) |
| 15:53 | Build | Farm |
| 15:53 | Build | Farm |
| 15:54 | Build | Farm |
| 16:03 | Create | Skirmisher |
| 16:24 | Create | Villager (Male) |
| 16:27 | Build | Farm |
| 16:38 | Create | Villager (Male) |
| 16:41 | Build | Farm |
| 16:42 | Build | Farm |
| 16:54 | Build | Palisade Wall |
| 16:56 | Build | Palisade Wall |
| 17:00 | Create | Villager (Male) |
| 17:06 | Create | Villager (Male) |
| 17:12 | Create | Archer |
| 17:31 | Build | Palisade Wall |
| 17:46 | Create | Villager (Male) |
| 17:48 | Build | Farm |
| 17:52 | Create | Archer |
| 17:52 | Create | Archer |
| 18:30 | Build | House |
| 18:31 | Build | House |
| 18:33 | Research | Town Watch |
| 18:56 | Create | Villager (Male) |
| 19:22 | Build | Market |
| 19:23 | Create | Villager (Male) |
| 19:30 | Create | Archer |
| 19:39 | Build | Palisade Wall |
| 19:51 | Create | Archer |
| 19:52 | Create | Villager (Male) |
| 20:22 | Build | Farm |
| 20:31 | Research | Castle Age |
| 20:31 | Research | Castle Age |
| 20:43 | Build | Palisade Wall |
| 20:48 | Build | Palisade Wall |
| 21:03 | Create | Villager (Male) |
| 21:09 | Build | Lumber Camp |
| 21:42 | Build | House |
| 21:50 | Create | Villager (Male) |
| 21:58 | Build | Watch Tower |
| 22:03 | Create | Archer |
| 22:03 | Create | Archer |
| 22:14 | Build | Archery Range |
| 22:15 | Create | Archer |
| 22:25 | Research | Gold Mining |
| 22:27 | Research | Horse Collar |
| 22:42 | Research | Double-Bit Axe |
| 22:42 | Research | Double-Bit Axe |
| 22:56 | Build | Palisade Gate |
| 23:11 | Age | Castle Age |
| 23:19 | Research | Bodkin Arrow |
| 23:20 | Research | Bodkin Arrow |
| 23:39 | Build | Farm |
| 23:40 | Create | Archer |
| 23:40 | Create | Archer |
| 23:53 | Create | Villager (Male) |
| 23:53 | Create | Villager (Male) |
| 23:59 | Build | Farm |
| 24:00 | Build | Farm |
| 24:06 | Create | Archer |
| 24:06 | Create | Archer |
| 24:24 | Create | Villager (Male) |
| 24:24 | Create | Villager (Male) |
| 24:26 | Build | Farm |
| 24:47 | Research | Crossbowman (upgrade) |
Match timeline
| 4:21 | dylanrobinson54 · wall_segment Palisade Wall x9 |
| 4:38 | dylanrobinson54 · wall_segment Palisade Wall x6 |
| 5:07 | dylanrobinson54 · wall_segment Palisade Wall x7 |
| 5:15 | OS+ | TeoX · first_building Barracks |
| 7:07 | dylanrobinson54 · wall_segment Palisade Wall x4 |
| 8:07 | dylanrobinson54 · wall_segment Palisade Wall x10 |
| 8:39 | dylanrobinson54 · wall_segment Palisade Wall x5 |
| 8:54 | OS+ | TeoX · age_up feudal |
| 9:04 | dylanrobinson54 · wall_segment Palisade Wall x1 |
| 9:13 | dylanrobinson54 · first_building Barracks |
| 9:26 | OS+ | TeoX · first_building Archery Range |
| 9:43 | dylanrobinson54 · age_up feudal |
| 10:12 | dylanrobinson54 · wall_segment Stone Wall x7 |
| 10:24 | dylanrobinson54 · first_building Archery Range |
| 11:59 | OS+ | TeoX · wall_segment Palisade Wall x11 |
| 14:00 | OS+ | TeoX · wall_segment Palisade Wall x5 |
| 16:54 | OS+ | TeoX · wall_segment Palisade Wall x8 |
| 16:56 | OS+ | TeoX · wall_segment Palisade Wall x9 |
| 17:31 | OS+ | TeoX · wall_segment Palisade Wall x15 |
| 19:35 | dylanrobinson54 · first_market_sell 100 wood |
| 19:39 | OS+ | TeoX · wall_segment Palisade Wall x12 |
| 20:43 | OS+ | TeoX · wall_segment Palisade Wall x2 |
| 20:48 | OS+ | TeoX · wall_segment Palisade Wall x1 |
| 21:36 | dylanrobinson54 · first_market_buy 500 food |
| 23:11 | OS+ | TeoX · age_up castle |
| 24:29 | dylanrobinson54 · age_up castle |
| 25:23 | OS+ | TeoX · first_building Siege Workshop |
| 27:18 | OS+ | TeoX · first_market_buy 100 wood |
| 29:00 | dylanrobinson54 · first_building Siege Workshop |
| 31:52 | OS+ | TeoX · first_building Castle |
| 33:39 | OS+ | TeoX · first_market_sell 100 stone |
| 35:59 | dylanrobinson54 · first_building Castle |
| 36:53 | dylanrobinson54 · age_up imperial |
| 36:56 | OS+ | TeoX · age_up imperial |
| 39:27 | dylanrobinson54 · resign |
[ AI ANALYSIS · 1 CREDIT ]
What really happened in this match?
Wolo.gg analyzes every decision: build order, eco, micro, common mistakes by bracket. Personalized analysis on WhatsApp or Discord in 30 seconds.
Civ guide
Maya
Perfil
dylanrobinson54